 Dungeon Crawl Stone Soup version 0.28-a0-537-g3bccd9ccbf (webtiles) character file.

Game seed: 17579945543663052117

120 sanka the Distorting Palentonga (level 4, -11/37 HPs)
             Began as a Palentonga Abyssal Knight on Sept 27, 2021.
             Was a Believer of Lugonu.
             Killed by divine providence
             ... invoked by an orc priest
              (15 damage)
             ... on level 3 of the Dungeon.
             The game lasted 00:02:33 (2487 turns).

sanka the Distorting Palentonga (PaAK)              Turns: 2487, Time: 00:02:34

Health: -11/37     AC:  9    Str: 16 (18) XL:     4   Next: 75%
Magic:  7/7        EV:  9    Int:  8 (10) God:    Lugonu [**....]
Gold:   62         SH:  0    Dex:  7 (10) Spells: 3/3 levels left

rFire   . . .      SeeInvis +   a - +0 broad axe
rCold   + . .      Faith    .   (no shield)
rNeg    . . .      Spirit   .   b - +0 leather armour
rPois   .          Reflect  .   (no helmet)
rElec   .          Harm     .   (no cloak)
rCorr   .          Rampage  .   g - +0 pair of gloves
Will    .....                   (no barding)
Stlth   +.........              (no amulet)
HPRegen 0.12/turn               l - +4 ring of protection
MPRegen 0.10/turn               h - ring of protection from cold

@: mighty
A: large, rugged brown scales 3, see invisible, deformed body, roll 1, armoured
tail
a: Rolling Charge, Renounce Religion, Depart the Abyss, Bend Space


You were on level 3 of the Dungeon.
You worshipped Lugonu.
Lugonu was pleased with you.
You visited 1 branch of the dungeon, and saw 3 of its levels.
You visited the Abyss 1 time.

You collected 62 gold pieces.


Innate Abilities, Weirdness & Mutations

You are completely covered in rugged brown scales. (AC +3, +7% HP)
You have supernaturally acute eyesight. (SInv)
Armour fits poorly on your strangely shaped body.
You can roll at nearby foes to attack.
You have a long armoured tail.


   Skills:
 - Level 3.0 Fighting
 + Level 2.2 Axes
 - Level 1.5 Armour
 - Level 0.7 Dodging
 + Level 5.3 Invocations


You had 3 spell levels left.
You didn't know any spells.
Your spell library contained the following spells:

 Spells                   Type           Power      Damage    Failure   Level
 Stone Arrow              Conj/Erth      0%         3d7       85%         3
 Animate Armour           Summ/Erth      0%         N/A       99%         4
 Lehudib's Crystal Spear  Conj/Erth      0%         10d2      100%        8

Inventory:

Hand Weapons
 a - a +0 broad axe (weapon)
 k - a +1 hand axe
Armour
 b - a +0 leather armour (worn)
 g - a +0 pair of gloves (worn)
Jewellery
 h - a ring of protection from cold (right hand)
 l - a +4 ring of protection (left hand)
Scrolls
 c - a scroll of amnesia {unknown}
 d - a scroll of silence {unknown}
 f - 2 scrolls of identify {unknown}
Potions
 e - a potion of magic {unknown}

Dungeon Overview and Level Annotations

Branches:
Dungeon (3/15)

Altars:

▒▒.........▒▒.....▒▒.▒▒▒▒...▒
...▒..^.▒▒..................▒
. ▒▒▒▒....▒▒▒▒▒▒▒▒▒....▒▒▒▒.
▒▒▒▒..▒▒ ▒.▒▒...... ▒▒..▒
▒.▒▒▒▒▒▒▒. ▒▒.▒ ▒.▒ ▒. ▒.▒
▒.▒ ▒. ▒.▒ ▒.▒ ▒. ▒H▒▒▒ ▒.▒
▒. ▒o.o▒ ▒. ▒▒▒KK▒ ▒. ▒o.▒ ▒▒
▒..▒ .... .... ... ...


You could see an orc priest, 2 orcs and 2 kobolds.


Message History

Unknown command.
You barely miss the orc priest.
The orc priest is heavily wounded.
You closely miss the rat. The rat bites you but does no damage.
The orc priest hits you with a +0 flail.
* * * LOW HITPOINT WARNING * * *
Unknown command.
You closely miss the orc priest.
The orc priest is heavily wounded.
You slash the rat!
You kill the rat!
Lugonu accepts your kill.
The orc priest calls down the wrath of Beogh upon you.
Beogh smites you!
* * * LOW HITPOINT WARNING * * *
The orc priest hits you but does no damage.
The orc closely misses you.
It was a potion of degeneration.
There was something very wrong with that liquid.
You feel weakened.
You feel dopey.
You feel clumsy.
The kobold throws a stone.
The stone hits you but does no damage.
It was a potion of might.
You feel very mighty all of a sudden.
The orc priest invokes the aid of Beogh against you.
Beogh smites you!
You die...

Action                   |  1- 3 |  4- 6 || total
-------------------------+-------+-------++-------
Melee: Hand axe          |    80 |     8 ||    88
       Tailslap          |     9 |     5 ||    14
       Broad axe         |       |    44 ||    44
 Abil: Rolling Charge    |    10 |     1 ||    11
  Use: Potion            |       |     2 ||     2
Armor: Leather armour    |    38 |    44 ||    82
Dodge: Dodged            |    50 |    28 ||    78

Levels and vault maps discovered:
D:1:      matt_arrival_diagonals, layout_basic,
          shapermc_ecumenical_altar_starsandcircs
D:2:      layout_basic
D:3:      layout_rooms

Notes
Turn   | Place    | Note
-------+----------+-------------------------------------------
     0 | Abyss:1  | sanka the Palentonga Abyssal Knight began the quest for the
                  | Orb.
     0 | Abyss:1  | Reached XP level 1. HP: 19/19 MP: 2/2
    38 | D:1      | Escaped the Abyss
   229 | D:1      | Reached XP level 2. HP: 25/25 MP: 4/4
   246 | D:1      | Found a faded altar of an unknown god.
   280 | D:1      | Reached skill level 3 in Invocations
  1396 | D:2      | Reached XP level 3. HP: 24/31 MP: 5/5
  1505 | D:2      | Reached ** piety under Lugonu
  1528 | D:2      | Reached skill level 4 in Invocations
  1579 | D:2      | Reached XP level 4. HP: 18/37 MP: 7/7
  1840 | D:2      | Reached skill level 5 in Invocations
  2484 | D:3      | HP: 3/37 [orc priest/divine providence (10)]
  2487 | D:3      | Killed from afar by an orc priest

Vanquished Creatures
  2 iguanas (D:2)
  2 adders
  A worm (D:3)
  A dart slug (D:1)
  An orc (D:3)
  2 ball pythons
  An endoplasm (D:2)
  A giant cockroach (D:3)
  6 goblins
  2 hobgoblins
  8 jackals
  3 kobolds
  3 quokkas (D:2)
  5 bats
  4 frilled lizards
  2 rats
44 creatures vanquished.
